 Dungeon Crawl Stone Soup version 0.32-a0-893-gf85d74f360 (webtiles) character file.

Game seed: 17784845591669643757

774 dynoo the Ruffian (level 7, -3/67 HPs)
             Began as a Troll Monk on Apr 3, 2024.
             Was an Elder of Makhleb.
             Slain by a black bear (7 damage)
             ... on level 6 of the Dungeon.
             The game lasted 00:04:17 (3718 turns).

dynoo the Ruffian (Troll Monk)                      Turns: 3718, Time: 00:04:20

Health: -3/67      AC:  4    Str: 22    XL:     7   Next: 53%
Magic:  6/6        EV: 10    Int:  6    God:    Makhleb [****..]
Gold:   250        SH:  0    Dex: 12    Spells: 6/6 levels left

rFire   . .          .
                       - Unarmed
rCold   . . .        c - orb {light}
rNeg    . . .        a - +0 robe
rPois   .            (helmet restricted)
rElec   .            (no cloak)
rCorr   .            (gloves unavailable)
SInv    .            (boots unavailable)
Will    .....        g - amulet of regeneration
Stlth   +            (no ring)
HPRegen 1.91/turn    (no ring)
MPRegen 0.10/turn

%: no passive effects
@: glowing
A: large, unfitting armour, claws 3, regeneration 1, shaggy fur 1, tough skin 1
a: Renounce Religion, Minor Destruction, Lesser Servant of Makhleb, Major
Destruction


You were on level 6 of the Dungeon.
You worshipped Makhleb.
Makhleb was greatly pleased with you.
You visited 1 branch of the dungeon, and saw 6 of its levels.

You collected 250 gold pieces.

Inventory:

Armour
 a - a +0 robe (worn)
 c - an orb of light (worn)
Jewellery
 g - an amulet of regeneration (around neck)
 i - a ring of flight
 n - a ring of magical power
 t - a ring of protection from fire
Wands
 l - a wand of polymorph (4)
 m - a wand of acid (8)
Scrolls
 d - a scroll of enchant armour {unknown}
 f - a scroll of vulnerability {unknown}
 h - a scroll of amnesia {unknown}
 k - a scroll of fear {unknown}
 o - a scroll of poison {unknown}
 p - 4 scrolls of identify {unknown}
 s - 3 scrolls of noise {unknown}
Potions
 b - a potion of ambrosia
 e - 3 potions of curing {unknown}
 j - 3 potions of mutation {unknown}
 q - 2 potions of haste {unknown}
 r - a potion of might {unknown}


   Skills:
 + Level 3.4 Fighting
 + Level 3.8 Dodging
 + Level 0.2 Stealth
 + Level 7.5 Unarmed Combat
 + Level 0.1 Invocations


You had 6 spell levels left.
You didn't know any spells.
Your spell library contained the following spells:

 Spells                   Type           Power      Damage    Failure   Level
 Apportation              Tloc           0%         N/A       45%         1
 Necrotise                Necr           0%         1d4       45%         1
 Sting                    Conj/Alch      0%         1d3       45%         1
 Summon Small Mammal      Summ           0%         N/A       45%         1
 Inner Flame              Hex/Fire       0%         N/A       83%         3
 Irradiate                Conj/Alch      0%         3d11      100%        5
 Ignition                 Fire           0%         3d3       100%        8


Dungeon Overview and Level Annotations

Branches:
Dungeon (6/15)             Temple (0/1) D:4

Altars:
Makhleb
Qazlal
Trog


Innate Abilities, Weirdness & Mutations

You are too large for most types of armour.
You have claws for hands.
Your natural rate of healing is unusually fast.
You are covered in fur. (AC +1)
You have tough skin. (AC +1)


Message History

An adder comes into view.
You closely miss the sky beast.
The sky beast is lightly wounded.
The adder hisses angrily.
The hound bites you but does no damage. The sky beast hits you.
The sky beast shocks you. The hound closely misses you.
You closely miss the sky beast.
The sky beast is lightly wounded.
The hound barely misses you.
The sky beast hits you but does no damage.
You claw the sky beast!
The sky beast is heavily wounded.
The hound bites you.
The sky beast hits you but does no damage.
You claw the sky beast!
The sky beast is almost dead.
The hound bites you but does no damage.
The white imp hits you but does no damage.
The black bear bites you. The black bear closely misses you. x2
The sky beast hits you. The sky beast shocks you.
An orc comes into view. It is wielding a +0 short sword.
Aiming: Major Destruction (63% risk of failure)
Press: ? - help, Shift-Dir - straight line, f - black bear
Aim: a black bear (haloed)
The bolt of magma hits the black bear!
The black bear is moderately wounded.
The hound bites you. The hound bites you but does no damage.
The white imp hits you but does no damage.
The sky beast hits you but does no damage.
The black bear bites you!
* * * LOW HITPOINT WARNING * * *
The black bear closely misses you. The black bear barely misses you.
A demon appears!
The hound bites you.
* * * LOW HITPOINT WARNING * * *
The white imp barely misses you. The sky beast hits you.
* * * LOW HITPOINT WARNING * * *
The sky beast shocks you.
* * * LOW HITPOINT WARNING * * *
The black bear bites you!
You die...

.... . ...#.##
# ....[# .#
..#.##$###.
..........
.......##
#hY3....# #@#
.......5hS.>...
......#.#......
..............#
..... ... ...#.
......o.##.....
.... .... ..##
#####.... ..#


You could see a black bear, a sky beast (ally target), a hound, an adder, a
white imp, an orc and a friendly smoke demon (summoned).

Vanquished Creatures
  2 ogres
  2 scorpions
  A howler monkey (D:3)
  2 bombardier beetles
  3 hounds
  A jelly (D:5)
  A sleepcap (D:4)
  3 iguanas
  3 gnolls (D:5)
  3 adders
  A shadow imp (D:5)
  4 dart slugs
  3 ribbon worms
  11 orcs
  5 ball pythons
  7 endoplasms
  2 giant cockroaches (D:1)
  8 goblins
  6 hobgoblins
  2 jackals (D:2)
  7 quokkas
  2 bats
  A frilled lizard (D:2)
  9 kobolds
  3 rats
  A spectral kobold (D:1)
93 creatures vanquished.

Notes
Turn   | Place    | Note
-------+----------+-------------------------------------------
     0 | D:1      | dynoo the Troll Monk began the quest for the Orb.
     0 | D:1      | Reached XP level 1. HP: 22/22 MP: 0/0
   230 | D:1      | Reached XP level 2. HP: 29/29 MP: 1/1
   554 | D:1      | Found a faded altar of an unknown god.
   606 | D:1      | Prayed at the altar of an unknown god.
   606 | D:1      | Became a worshipper of Makhleb the Destroyer
   606 | D:1      | Reached * piety under Makhleb
   606 | D:1      | Reached ** piety under Makhleb
   826 | D:2      | Reached XP level 3. HP: 36/36 MP: 2/2
  1040 | D:2      | Reached *** piety under Makhleb
  1272 | D:3      | Found a bloodstained altar of Trog.
  1383 | D:3      | Found a stormy altar of Qazlal.
  1445 | D:3      | Reached skill level 4 in Unarmed Combat
  1530 | D:3      | Reached XP level 4. HP: 43/44 MP: 3/3
  1840 | D:4      | Reached XP level 5. HP: 48/52 MP: 4/4
  2012 | D:4      | Reached skill level 5 in Unarmed Combat
  2127 | D:4      | Noticed an ogre
  2131 | D:4      | Killed an ogre
  2132 | D:4      | Reached XP level 6. HP: 55/59 MP: 5/5
  2187 | D:4      | Reached skill level 6 in Unarmed Combat
  2219 | D:4      | Reached **** piety under Makhleb
  2374 | D:4      | Found a staircase to the Ecumenical Temple.
  2657 | D:5      | Entered Level 5 of the Dungeon
  3009 | D:5      | Reached XP level 7. HP: 67/67 MP: 6/6
  3301 | D:5      | Reached skill level 7 in Unarmed Combat
  3718 | D:6      | Slain by a black bear

Illustrated notes

Levels and vault maps discovered:
D:1:      elethiomel_arrival_infinity_welcomes_careful_drivers,
          layout_loops_cross, dreamdust_ecumenical_altar_drowned_temple
D:2:      layout_rooms, hangedman_abyss_or_decor_stabs, minmay_surrounded
D:3:      minmay_spotlight, layout_rooms, grunt_qazlal_clouds,
          mainiacjoe_overflow_small_starburst, kennysheep_generic_room_3
D:4:      layout_loops_ring, lemuel_temple_firewalk_a,
          nicolae_houndstooth_variations
D:5:      layout_basic, minmay_misc_feat_hallway
D:6:      layout_rooms, mainiacjoe_overflow_tiny_flanked,
          nicolae_overflow_squiral

Skill      XL: |  1  2  3  4  5  6  7 |
---------------+----------------------+-----
Unarmed Combat | 4 5 6 7 |  7.5
Dodging        | 3 |  3.8
Fighting       | 3 |  3.4
Stealth        | |  0.2
Invocations    | |  0.1

Action                     |  1- 3 |  4- 6 |  7- 9 || total
---------------------------+-------+-------+-------++-------
  Melee: Unarmed           |    70 |    91 |    35 ||   196
 Invoke: Minor Destruction |     1 |       |       ||     1
         Lesser Servant of |       |       |     1 ||     1
         Major Destruction |       |       |     1 ||     1
 Armour: Robe              |    20 |    36 |    35 ||    91
  Dodge: Dodged            |    31 |    40 |    15 ||    86

Table legend: (Time is in decaauts)
 A = Elapsed time spent in this place.
 B = Non-inter-level travel time spent in this place.
 C = Inter-level travel time spent in this place.
 D = Time resting spent in this place.
 E = Time spent auto-exploring this place.
 F = Levels seen in this place.
 G = Mean time per level.
                   A        B        C        D        E       F      G
               +--------+--------+--------+--------+--------+-----+--------+
         Total |   3697 |   3644 |     53 |      0 |   2969 |   6 |  616.2 |
       Dungeon |   3697 |   3644 |     53 |      0 |   2969 |   6 |  616.2 |
               +--------+--------+--------+--------+--------+-----+--------+

Top non-repeatable levels by time:
     D:5: 1045 daAuts
     D:4: 819 daAuts
     D:1: 753 daAuts
     D:3: 583 daAuts
     D:2: 487 daAuts
     D:6: 7 daAuts
